 Dungeon Sprint DCSS version 0.27-a0-1456-gf5a116941d (webtiles) character file.

Game seed: 11853224178871591596

4456 mhtbhm the Impaler (level 10, -11/151 HPs)
             Began as a Red Draconian Berserker on July 6, 2021.
             Was the Champion of Trog.
             Mangled by a death cob (26 damage)
             ... in the Dungeon (Sprint VII: "The Pits").
             The game lasted 00:03:27 (1656 turns).

mhtbhm the Impaler (Red Draconian Berserker)        Turns: 1656, Time: 00:03:28

Health: -11/151    AC: 12    Str: 22    XL:     10   Next: 15%
Magic:  10/10      EV: 18    Int:  8    God:    Trog [******]
Gold:   0          SH:  0    Dex: 11    Spells: 9/9 levels left

rFire    + . .     SeeInvis .   a - +1 glaive (flame)
rCold    . . .     Faith    .   (shield currently unavailable)
rNeg     . . .     Spirit   .   (armour unavailable)
rPois    .         Reflect  .   (helmet restricted)
rElec    .         Harm     .   n - +0 cloak
rCorr    .         Rampage  .   m - +0 pair of gloves
Will     .....     NoTele   +   (no boots)
Stlth    ..........             (no amulet)
HPRegen  0.35/turn              j - +3 ring of evasion
MPRegen  0.12/turn              g - +3 ring of protection

@: berserking, slowed
A: breathe fire, AC +7, unfitting armour, fire resistance 1, cold-blooded
a: Breathe Fire, Renounce Religion, Berserk, Trog's Hand, Brothers in Arms


You were in the Dungeon.
You worshipped Trog.
Trog was exalted by your worship.
You visited 1 branch

Inventory:

Hand Weapons
 a - a +1 glaive of flaming (weapon)
Armour
 m - a +0 pair of gloves (worn)
 n - a +0 cloak (worn)
Jewellery
 g - a +3 ring of protection (right hand)
 j - a +3 ring of evasion (left hand)
Scrolls
 i - a scroll of summoning
Potions
 b - 7 potions of curing
 c - 7 potions of heal wounds
 d - a potion of haste
 e - 4 potions of magic
 f - 3 potions of berserk rage
 h - 2 potions of invisibility
 k - a potion of might
 l - 5 potions of mutation


   Skills:
 + Level 13.5 Fighting
 + Level 16.0 Polearms
 + Level 10.4 Dodging
 + Level 5.5 Stealth


You had 9 spell levels left.
You didn't know any spells.
Your spell library was empty.

Dungeon Overview and Level Annotations

Branches:
Dungeon (1/1)

Altars:
Cheibriados
Dithmenos
Elyvilon
Fedhas
Gozag
Hepliaklqana
Makhleb
Nemelex Xobeh
Okawaru
Qazlal
Ru
Sif Muna
Trog
Vehumet
Wu Jian
Xom
Yredelemnul
Zin
The Shining One
Beogh
Jiyva
Lugonu


Innate Abilities, Weirdness & Mutations

You can breathe blasts of fire.
Your fiery red scales are hard. (AC +7)
You cannot fit into any form of body armour.
Your flesh is heat resistant. (rF+)
You are cold-blooded and may be slowed by cold attacks.


Message History

A red film seems to cover your vision as you go berserk!
You feel yourself moving faster!
You feel mighty! The death cob hits you! The death cob drains your vigour!
You feel yourself slow down. The death cob closely misses you.
The death cob barely misses you.
You closely miss the death cob. You tail-slap the death cob!
The death cob is lightly damaged.
The death cob hits you but does no damage.
The death cob hits you!! The death cob drains your vigour!
You feel as though you will be slow longer.
You closely miss the death cob. You tail-slap the death cob.
The death cob is lightly damaged.
The death cob barely misses you.
The death cob hits you but does no damage.
You miss the death cob.
Your tail-slap misses the death cob.
The death cob is lightly damaged.
The death cob closely misses you. The death cob hits you!
The death cob drains your vigour!
You feel as though you will be slow longer.
You barely miss the death cob.
The death cob is lightly damaged.
The death cob barely misses you. The death cob hits you!
The death cob hits you!! The death cob drains your vigour!
You feel as though you will be slow longer.
You closely miss the death cob.
Your tail-slap misses the death cob.
The death cob is lightly damaged.
The death cob hits you!! The death cob drains your vigour!
You feel as though you will be slow longer.
The death cob hits you!!
* * * LOW HITPOINT WARNING * * *
The death cob drains your vigour!
You feel as though you will be slow longer.
Unknown command.
You hit the death cob but do no damage.
The death cob is lightly damaged.
The death cob hits you!
* * * LOW HITPOINT WARNING * * *
The death cob drains your vigour!
You feel as though you will be slow longer.
The death cob hits you!!
You die...

##''###### ##''#####
###########
##......#
#b........#
##......# #l......#
###.)).## ####...# #
##))## ###..+...+
###.)))###....##'##
##....).#....##.z.##
##.....)÷÷...†).@..+
##......#)...##...##
###....###....##+##
# ##''## ###..+
###....## ####
##......# ##......#
#########


You could see a death cob.

Vanquished Creatures
  A merfolk siren (D)
  A hellwing (D)
  A jumping spider (D)
  A snapping turtle (D)
  A spriggan (D)
  A flying skull (D)
  A fire bat (D)
  Grum (D)
  3 orc warriors (D)
  A swamp drake (D)
  An ice beast (D)
  2 wolves (D)
  2 phantoms (D)
  Blork the orc (D)
  A bullfrog (D)
  3 killer bees (D)
  2 orc priests (D)
  A hound (D)
  A jelly (D)
  An iron imp (D)
  6 orc wizards (D)
  2 gnolls (D)
  An ufetubus (D)
  A worm (D)
  7 orcs (D)
  A bat skeleton (D)
  A giant cockroach (D)
  A goblin (D)
  A ball python zombie (D)
  A rat (D)
49 creatures vanquished.

Vanquished Creatures (collateral kills)
  A death cob (D)
  An orc high priest (D)
  An orc sorcerer (D)
  A jumping spider (D)
  A hornet (D)
  An orc priest (D)
  2 orcs (D)
8 creatures vanquished.

Grand Total: 57 creatures vanquished

Notes
Turn   | Place    | Note
-------+----------+-------------------------------------------
     0 | D        | mhtbhm the Draconian Berserker began the quest for the Orb.
     0 | D        | Reached XP level 1. HP: 19/19 MP: 1/1
    19 | D        | Reached XP level 2. HP: 18/27 MP: 2/2
    23 | D        | Found a bloodstained altar of Trog.
    23 | D        | Found a shimmering blue altar of Sif Muna.
    23 | D        | Found a viscous altar of Jiyva.
    23 | D        | Found a hazy altar of Hepliaklqana.
    23 | D        | Found an opulent altar of Gozag.
    24 | D        | Found a glowing golden altar of the Shining One.
    24 | D        | Found a glowing silver altar of Zin.
    24 | D        | Found a basalt altar of Yredelemnul.
    24 | D        | Found a shimmering altar of Xom.
    24 | D        | Found an ornate altar of the Wu Jian Council.
    24 | D        | Found a sacrificial altar of Ru.
    24 | D        | Found a stormy altar of Qazlal.
    24 | D        | Found an iron altar of Okawaru.
    24 | D        | Found a sparkling altar of Nemelex Xobeh.
    24 | D        | Found a burning altar of Makhleb.
    24 | D        | Found a blossoming altar of Fedhas.
    24 | D        | Found a white marble altar of Elyvilon.
    24 | D        | Found a shadowy altar of Dithmenos.
    24 | D        | Found a snail-covered altar of Cheibriados.
    26 | D        | Found a radiant altar of Vehumet.
    26 | D        | Found a corrupted altar of Lugonu.
   121 | D        | Reached skill level 4 in Polearms
   127 | D        | Reached ** piety under Trog
   313 | D        | Noticed Blork the orc
   326 | D        | Killed Blork the orc
   326 | D        | Reached *** piety under Trog
   327 | D        | Reached skill level 5 in Polearms
   327 | D        | Reached skill level 1 in Stealth
   327 | D        | Reached XP level 3. HP: 22/37 MP: 3/3
   327 | D        | Reached XP level 4. HP: 27/44 MP: 4/4
   544 | D        | Noticed an ice beast
   549 | D        | Noticed a fire bat
   551 | D        | Reached skill level 6 in Polearms
   551 | D        | Reached skill level 5 in Dodging
   551 | D        | Reached **** piety under Trog
   558 | D        | Killed a fire bat
   558 | D        | Noticed a bullfrog
   559 | D        | Reached skill level 8 in Polearms
   559 | D        | Reached XP level 5. HP: 53/53 MP: 5/5
   559 | D        | Reached ***** piety under Trog
   606 | D        | Reached XP level 6. HP: 61/61 MP: 6/6
   612 | D        | Reached skill level 9 in Polearms
   616 | D        | Killed an ice beast
   616 | D        | Identified the +4 trident "Loeh Ywk" {flame, rCorr Str-5
                  | SInv} (Trog gifted it to you in the Dungeon)
   616 | D        | Received a gift from Trog
   617 | D        | Reached skill level 10 in Polearms
   686 | D        | Noticed a flying skull
   693 | D        | Killed a flying skull
   694 | D        | Your scales start taking on a fiery red colour.
   694 | D        | Reached XP level 7. HP: 70/70 MP: 7/7
   694 | D        | Gained mutation: Your flesh is heat resistant. (rF+) [Red
                  | Draconian growth]
   735 | D        | Noticed a death cob
   738 | D        | Killed a death cob
   739 | D        | Reached skill level 12 in Polearms
   739 | D        | Reached XP level 8. HP: 44/82 MP: 8/8
   917 | D        | Reached skill level 13 in Polearms
   950 | D        | Reached ****** piety under Trog
  1177 | D        | Noticed an orc high priest
  1177 | D        | Noticed an orc sorcerer
  1178 | D        | Noticed an orange demon
  1178 | D        | Noticed a hornet
  1179 | D        | Killed an orc sorcerer
  1179 | D        | Received a gift from Trog
  1180 | D        | Reached XP level 9. HP: 90/90 MP: 9/9
  1180 | D        | Noticed a jumping spider
  1183 | D        | Noticed a jumping spider
  1184 | D        | Reached skill level 14 in Polearms
  1184 | D        | Reached skill level 5 in Stealth
  1194 | D        | Killed a jumping spider
  1194 | D        | Received a gift from Trog
  1207 | D        | Killed an orc high priest
  1209 | D        | Reached skill level 15 in Polearms
  1209 | D        | Killed a jumping spider
  1384 | D        | Noticed a merfolk siren
  1392 | D        | Received a gift from Trog
  1393 | D        | Reached skill level 10 in Dodging
  1395 | D        | Killed a merfolk siren
  1523 | D        | Noticed Grum
  1523 | D        | Noticed a hellwing
  1531 | D        | Killed a hellwing
  1532 | D        | Reached XP level 10. HP: 100/101 MP: 10/10
  1533 | D        | Killed Grum
  1534 | D        | Received a gift from Trog
  1541 | D        | Reached skill level 16 in Polearms
  1604 | D        | Noticed a death cob
  1656 | D        | Mangled by a death cob

Illustrated notes

Levels and vault maps discovered:
D:        pitsprint [storerooms_1, entrance_room_1, metal_vault_2, armoury_1,
          mini_pit_1, grid_room_1, main_hall_1, silver_pit, the_coven_1,
          the_vestibule_1, steel_vault_2, golden_pit, hallway_of_sentries,
          crystal_vault_2, iron_vault_1, final_vault]

Skill      XL: |  1  2  3  4  5  6  7  8  9 10 |
---------------+-------------------------------+-----
Fighting       | 4 6 7 8 9 11 13 | 13.5
Dodging        | 3 4 6 7 8 9 10 | 10.4
Polearms       | 5 8 10 12 13 15 16 | 16.0
Stealth        | 1 2 3 4 5 |  5.5

Action                   |  1- 3 |  4- 6 |  7- 9 | 10-12 || total
-------------------------+-------+-------+-------+-------++-------
Melee: Spear             |     6 |       |       |       ||     6
       Trident           |    26 |    34 |    43 |       ||   103
       Tailslap          |     1 |     1 |    11 |     3 ||    16
       Halberd           |       |       |    40 |       ||    40
       Bardiche          |       |       |    17 |     9 ||    26
       Glaive            |       |       |       |     8 ||     8
Invok: Berserk           |     1 |     3 |     3 |     2 ||     9
       Brothers in Arms  |       |       |     2 |       ||     2
  Use: Potion            |       |       |     2 |       ||     2
       Scroll            |       |       |     1 |       ||     1
 Stab: Sleeping          |     2 |       |     1 |       ||     3
Armor: Skin              |     6 |     2 |    29 |     2 ||    39
Dodge: Dodged            |    23 |     9 |    55 |    19 ||   106

Table legend: (Time is in decaauts)
 A = Elapsed time spent in this place.
 B = Non-inter-level travel time spent in this place.
 C = Inter-level travel time spent in this place.
 D = Time resting spent in this place.
 E = Time spent auto-exploring this place.
 F = Levels seen in this place.
 G = Mean time per level.
                   A        B        C        D        E       F      G
               +--------+--------+--------+--------+--------+-----+--------+
         Total |   1693 |   1693 |      0 |   1112 |     29 |   1 | 1693.0 |
       Dungeon |   1693 |   1693 |      0 |   1112 |     29 |   1 | 1693.0 |
               +--------+--------+--------+--------+--------+-----+--------+

Top non-repeatable levels by time:
       D: 1693 daAuts
